 Dungeon Crawl Stone Soup version 0.20.1-1-g8b1a95d (webtiles) character file.

191 HammerPanzer the Skirmisher (level 5, -11/42 HPs)
             Began as a Demonspawn Abyssal Knight on Nov 3, 2017.
             Was a Believer of Lugonu.
             Mangled by a wight
             ... wielding a +0 great sword
              (14 damage)
             ... on level 4 of the Dungeon.
             The game lasted 00:09:21 (3980 turns).

HammerPanzer the Skirmisher (DsAK)                  Turns: 3980, Time: 00:09:21

Health: -11/42     AC:  2    Str: 16    XL:     5   Next: 42%
Magic:  0/7        EV:  5    Int: 13    God:    Lugonu [**....]
Gold:   236        SH: 11    Dex: 13    Spells: 7/7 levels left

rFire    . . .     SeeInvis .   a - +1 falchion
rCold    . . .     Gourm    .   b - +0 large shield
rNeg     . . .     Faith    .   k - +0 ring mail
rPois    .         Spirit   +   (helmet restricted)
rElec    .         Reflect  .   (no cloak)
rCorr    .         Harm     .   (no gloves)
MR       .....                  (no boots)
Stlth    ..........             h - amulet of magic regeneration
Regen    0.2/turn               f - +3 ring of strength
MPRegen  0.2/turn               (no ring)

@: drained
A: antennae 1, claws 1, hooves 1, blurry vision 1, deformed body, mutation
resistance 1, magic shield
a: Depart the Abyss, Bend Space, Renounce Religion


You were on level 4 of the Dungeon.
You worshipped Lugonu.
Lugonu was pleased with you.
You were not hungry.

You visited 1 branch of the dungeon, and saw 4 of its levels.
You visited the Abyss 1 time.

You collected 236 gold pieces.

Inventory:

Hand Weapons
 a - a +1 falchion (weapon)
Armour
 b - a +0 large shield (worn)
 k - a +0 ring mail (worn)
Jewellery
 f - a +3 ring of strength (left claw)
 h - an amulet of magic regeneration (around neck)
Scrolls
 e - a scroll of remove curse
 g - a scroll of identify
 l - 2 scrolls of amnesia
 m - 2 scrolls of teleportation
 q - a scroll of enchant weapon {unknown}
Potions
 d - a potion of resistance
 o - a potion of ambrosia {unknown}
Comestibles
 c - 5 bread rations
 i - 2 chunks of flesh
 j - 6 fruits
 n - a royal jelly


   Skills:
 + Level 4.0(3.3) Fighting
 * Level 3.7(3.1) Long Blades
 - Level 1.9(1.3) Armour
 - Level 0.8(0.2) Dodging
 + Level 1.5(0.8) Spellcasting
 + Level 3.4(2.7) Invocations


You had 7 spell levels left.
You didn't know any spells.

Dungeon Overview and Level Annotations

Branches:
Dungeon (4/15)
 Temple: D:4-7

Altars:
Fedhas


Innate Abilities, Weirdness & Mutations

You have a pair of small antennae on your head.
You have sharp fingernails.
You have large cloven feet.
When hurt, damage is shared between your health and your magic reserves.
Scrolls take you a little longer to read.
Armour fits poorly on your strangely shaped body.
You are somewhat resistant to further mutation.


Message History

Lugonu accepts your kill.
You start resting.
You hear the hiss of a distant avalanche of sand.
There is a stone staircase leading down, spattered with blood here.
A jackal and 3 wights come into view.
The jackal barks!
Found a scroll labeled YRIOZA DAUTAON.
A jackal comes into view.
The jackal barks!
You hit the wight but do no damage. You block the wight's attack.
You hit the wight but do no damage. The wight hits you with a great sword!
You feel drained.
The wight hits you with an enchanted war axe!
* * * LOW HITPOINT WARNING * * *
You feel drained.
* * * LOW HITPOINT WARNING * * *
A dart slug comes into view.
You don't have enough health at the moment.
The wight hits you with a great sword!
You die...

#......####
##..........
###........###
#####.........##
..
#.............#
#..
#...†###......##
##... #...##
#...##..##
#....w #..##
##>####..##
#...... #..# #.#
###@##z......
#..# #.#
#.z#{h....? #..#
#.# ##z.h....⌠.
#..# #.##
##....#..≈ #..#
#..# #....#
#..## #..#
#....# #...#
##..# #....#
##.## #..##
..#..# ### ####
..##.#


You could see 2 wights and a jackal.

Vanquished Creatures
  A scorpion (D:4)
  7 adders
  An adder skeleton (D:4)
  A worm (D:2)
  3 dart slugs
  A leopard gecko (D:2)
  2 orcs (D:3)
  2 giant cockroaches
  10 goblins
  9 hobgoblins
  7 jackals
  6 kobolds
  A ball python (D:1)
  3 bats
  5 frilled lizards
  5 rats
64 creatures vanquished.

Notes
Turn   | Place    | Note
-------+----------+-------------------------------------------
     0 | Abyss:1  | HammerPanzer the Demonspawn Abyssal Knight began the quest for the Orb.
     0 | Abyss:1  | Reached XP level 1. HP: 18/18 MP: 2/2
    36 | Abyss:1  | Noticed a hellion
    36 | D:1      | Escaped the Abyss
    71 | D:1      | Reached * piety under Lugonu
   153 | D:1      | Gained mutation: When hurt, damage is shared between your health and your magic reserves. [demonic ancestry]
   153 | D:1      | Reached XP level 2. HP: 19/24 MP: 3/3
   769 | D:2      | Gained mutation: You have sharp fingernails. [demonic ancestry]
   769 | D:2      | Reached XP level 3. HP: 14/29 MP: 2/5
  2385 | D:2      | Gained mutation: You have large cloven feet. [potion of mutation]
  2385 | D:2      | Gained mutation: Scrolls take you a little longer to read. [potion of mutation]
  2385 | D:2      | Gained mutation: Armour fits poorly on your strangely shaped body. [potion of mutation]
  2385 | D:2      | Gained mutation: You are somewhat resistant to further mutation. [potion of mutation]
  2621 | D:3      | Gained mutation: You have a pair of small antennae on your head. [demonic ancestry]
  2621 | D:3      | Reached XP level 4. HP: 34/37 MP: 4/6
  2791 | D:3      | Reached skill level 1 in Spellcasting
  2932 | D:3      | Reached ** piety under Lugonu
  3395 | D:3      | Found a blossoming altar of Fedhas.
  3781 | D:4      | Mutation became permanent: You have large cloven feet. [demonic ancestry]
  3781 | D:4      | Gained mutation: You have large cloven feet. [demonic ancestry]
  3781 | D:4      | Reached XP level 5. HP: 41/42 MP: 5/7
  3802 | D:4      | Reached skill level 4 in Fighting
  3978 | D:4      | HP: 2/42 [wight/enchanted war axe (5)]
  3980 | D:4      | Mangled by a wight

Skill      XL: |  1  2  3  4  5 |
---------------+----------------+-----
Long Blades    | 2 3 |  3.7
Spellcasting   | 1 |  1.5
Invocations    | 3 |  3.4
Fighting       | 4 |  4.0
Armour         | |  1.9
Dodging        | |  0.8

Action                   |  1- 3 |  4- 6 || total
-------------------------+-------+-------++-------
Melee: Falchion          |   139 |    87 ||   226
       Kick              |     2 |    19 ||    21
Invok: Depart the Abyss  |     1 |       ||     1
  Use: Scroll            |     8 |     2 ||    10
       Potion            |     1 |     1 ||     2
  Eat: Chunk             |     5 |     5 ||    10
Armor: Leather armour    |    15 |       ||    15
       Ring mail         |    34 |    13 ||    47
Dodge: Dodged            |    53 |    15 ||    68
Block: Large shield      |    64 |    49 ||   113
       Rpst.: Falchion   |    16 |     3 ||    19
